 Dungeon Crawl Stone Soup version 0.29-a0-1033-gb6c65ffae6 (webtiles) character file.

Game seed: 4414824266208909869

1 ytrimaz the Insei (level 1, -1/22 HPs)
             Began as a Demonspawn Transmuter on Aug 14, 2022.
             Slain by a gnoll
             ... wielding a +0 spear
              (3 damage)
             ... on level 1 of the Dungeon.
             The game lasted 00:00:11 (18 turns).

ytrimaz the Insei (Demonspawn Transmuter)             Turns: 18, Time: 00:00:11

Health: -1/22      AC: 20    Str: 10    XL:     1   Next: 16%
Magic:  2/3        EV:  2    Int: 14    God:
Gold:   0          SH:  0    Dex: 13    Spells: 3/4 levels left

rFire   . . .      SeeInvis .     - Unarmed
rCold   . . .      Faith    .   (no shield)
rNeg    . . .      Spirit   .   (body armour currently unavailable)
rPois   +          Reflect  .   (helmet currently unavailable)
rElec   .          Harm     .   (cloak currently unavailable)
rCorr   .          Rampage  .   (gloves currently unavailable)
Will    .....      NoTele   +   (boots currently unavailable)
Stlth   +.........              (no amulet)
HPRegen 0.07/turn               (no ring)
MPRegen 0.08/turn               (no ring)

@: tree-form
A: stationary, stasis, torment immunity, boosted hp
a: no special abilities


You were on level 1 of the Dungeon.
You were a tree.
You visited 1 branch of the dungeon, and saw 1 of its levels.

Inventory:

Armour
 a - a +0 robe (melded)


   Skills:
 - Level 1.0 Fighting
 - Level 1.7 Dodging
 + Level 2.8 Unarmed Combat
 - Level 2.0 Spellcasting
 - Level 1.7 Transmutations


You had 3 spell levels left.
You knew the following spells:

 Your Spells              Type           Power      Damage    Failure   Level
a - Beastly Appendage     Tmut           12%        N/A       12%         1

Your spell library contained the following spells:

 Spells                   Type           Power      Damage    Failure   Level
 Wereblood                Tmut           6%         N/A       17%         2
 Spider Form              Tmut/Pois      3%         N/A       45%         3
 Ice Form                 Ice/Tmut       3%         N/A       86%         4


Dungeon Overview and Level Annotations

Branches:
Dungeon (1/15)

Altars:


Message History

Welcome, ytrimaz the Demonspawn Transmuter.
If you return without finding the Orb of Zot, so far below, it's all over!
Press ? for a list of commands and other information.
Found a staircase leading out of the dungeon.
A gnoll and a hobgoblin come into view.
Found a book of Scorching.
The gnoll shouts!
The hobgoblin shouts!
You hear a shout!
There are monsters nearby!
There are monsters nearby!
There are monsters nearby!
You grow a pair of large bovine horns.
Your feet morph into talons.
A goblin comes into view. It is wielding a +0 club.
You hit the hobgoblin.
You claw the hobgoblin, but do no damage.
The hobgoblin is almost dead.
You closely miss the hobgoblin.
The hobgoblin is almost dead.
The gnoll hits you from afar with a +0 spear.
The hobgoblin closely misses you.
You hit the hobgoblin.
You kill the hobgoblin!
The gnoll hits you from afar with a +0 spear.
* * * LOW HITPOINT WARNING * * *
The gnoll hits you with a +0 spear.
* * * LOW HITPOINT WARNING * * *
Really quaff the potion of lignification?
Your horns disappear.
Your talons disappear.
You turn into a tree.
Your +0 robe melds into your body.
Your roots penetrate the ground.
The gnoll hits you but does no damage.
Unknown command.
You hit the gnoll.
The gnoll is moderately wounded.
The gnoll hits you with a +0 spear.
You die...

........ ..........
#....:.... #.........
#.........
###♣#♣#♣#♣#♣#.#.......
#.............#.......
#<..♣♣................
#.............♣.g?....
###♣#♣#♣#♣#♣#..g......
##........ .........
......... .....#....
....##.... .....# ...


You could see a gnoll and a goblin.

Vanquished Creatures
  A hobgoblin (D:1)
1 creature vanquished.

Notes
Turn   | Place    | Note
-------+----------+-------------------------------------------
     0 | D:1      | ytrimaz the Demonspawn Transmuter began the quest for the
                  | Orb.
     0 | D:1      | Reached XP level 1. HP: 15/15 MP: 3/3
    18 | D:1      | Slain by a gnoll

Illustrated notes

Levels and vault maps discovered:
D:1:      minmay_arrival_plants_in_alcoves, layout_basic

Action                   || total
-------------------------++-------
Melee: Unarmed           ||     4
       Kick              ||     1
 Cast: Beastly Appendage ||     1
  Use: Potion            ||     1
Armor: Skin              ||     1
Dodge: Dodged            ||     1

Table legend: (Time is in decaauts)
 A = Elapsed time spent in this place.
 B = Non-inter-level travel time spent in this place.
 C = Inter-level travel time spent in this place.
 D = Time resting spent in this place.
 E = Time spent auto-exploring this place.
 F = Levels seen in this place.
 G = Mean time per level.
                   A        B        C        D        E       F      G
               +--------+--------+--------+--------+--------+-----+--------+
         Total |     17 |     17 |      0 |      0 |      9 |   1 |   17.0 |
       Dungeon |     17 |     17 |      0 |      0 |      9 |   1 |   17.0 |
               +--------+--------+--------+--------+--------+-----+--------+

Top non-repeatable levels by time:
     D:1: 17 daAuts
